 Dungeon Crawl Stone Soup version 0.31-a0-521-gc7390f8997 (webtiles) character file.

Game seed: 6298186028480125730

35 Xavori the Trooper (level 3, 30/30 HPs)
             Began as a Formicid Chaos Knight on Aug 10, 2023.
             Was a Plaything of Xom.
             Quit the game on level 2 of the Dungeon.
             The game lasted 00:00:59 (9424 turns).

Xavori the Trooper (Formicid Chaos Knight)          Turns: 9424, Time: 00:01:00

Health: 30/30      AC:  8    Str: 18    XL:     3   Next: 55%
Magic:  3/3        EV: 11    Int: 11    God:    Xom [*.....]
Gold:   8          SH:  5    Dex: 13    Spells: 2/2 levels left

rFire   . . .        a - +0 hand axe (chaos)
rCold   . . .        h - +1 buckler {AC+3}
rNeg    . . .        b - +2 leather armour
rPois   .            (helmet unavailable)
rElec   .            (no cloak)
rCorr   .            (no gloves)
SInv    +            (no boots)
Will    .....        (no amulet)
Stlth   +            (no ring)
HPRegen 0.25/turn    (no ring)
MPRegen 0.08/turn

%: no passive effects
@: no status effects
A: permanent stasis, dig shafts and tunnels, antennae 3, four strong arms
a: Dig, Shaft Self, Renounce Religion


You were on level 2 of the Dungeon.
You worshipped Xom.
You were a special plaything of Xom.
You visited 1 branch of the dungeon, and saw 2 of its levels.

You collected 8 gold pieces.

Inventory:

Hand Weapons
 a - a +0 hand axe of chaos (weapon)
Armour
 b - a +2 leather armour (worn)
 h - a +1 buckler of protection (worn)
Jewellery
 i - a +6 ring of intelligence
Scrolls
 c - a scroll of butterflies
 f - a scroll of identify {unknown}
Potions
 d - a potion of brilliance {unknown}
 e - a potion of lignification {unknown}
 g - a potion of haste {unknown}


   Skills:
 + Level 3.7 Fighting
 + Level 3.3 Axes
 + Level 2.9 Armour
 + Level 1.2 Dodging
 + Level 0.8 Stealth


You had 2 spell levels left.
You didn't know any spells.
Your spell library contained the following spells:

 Spells                   Type           Power      Damage    Failure   Level
 Apportation              Tloc           0%         N/A       50%         1
 Alistair's Intoxication  Tmut/Pois      0%         N/A       100%        5


Dungeon Overview and Level Annotations

Branches:
Dungeon (2/15)

Altars:

Shops:
D:2 [


Innate Abilities, Weirdness & Mutations

You cannot be hasted, slowed, berserked, paralysed or teleported.
You can dig through walls and to a lower floor.
You have a pair of large antennae on your head. (SInv)
Your four strong arms can wield two-handed weapons with a shield.


Message History

You closely miss the adder.
The adder is severely wounded.
You kill the adder!
A kobold is nearby!
You see here an adder corpse.
Found Coysk's Armour Emporium.
You hit the kobold but do no damage. You block the kobold's attack.
Unknown command.
You barely miss the kobold. The kobold hits you with a +0 club. x2
Unknown command.
You hit the kobold but do no damage.
The kobold suddenly seems more agile.
Xom is interested.
The kobold hits you but does no damage.
Unknown command.
You closely miss the kobold. The kobold hits you but does no damage.
Unknown command.
You miss the kobold. You block the kobold's attack.
You hit the kobold.
You kill the kobold!
No target in view!
Unknown command.
No target in view!
HP restored.
An endoplasm comes into view.
An endoplasm is nearby!
Found a large tourmaline ring.
Found 12 gold pieces.
The endoplasm hits you but does no damage.
Unknown command.
You hit the endoplasm but do no damage. The endoplasm freezes you.
You are frozen.
You hit the endoplasm. You freeze the endoplasm.
You kill the endoplasm!
No target in view!
There is an entrance to Coysk's Armour Emporium here.
i - a +6 ring of intelligence You sense a monster nearby.
No target in view!
Are you sure you want to abandon this character and quit the game? (Confirm with "yes".)

##.#.###.##...# ..
####....###.####.###.#..
.........∩..####†.......
........................
.#............(.#)####..
#.......#...##.#.#
###...###.#.##.#.#
#...##.###.#.#.#
##.##@## #..... #. #..#
###.. .. ....# .#
.####.$ $. ... #. {###{
.. ..


There were no monsters in sight!

Vanquished Creatures
  An adder (D:2)
  2 dart slugs (D:1)
  A ball python (D:1)
  2 endoplasms
  A giant cockroach (D:1)
  3 goblins (D:1)
  A hobgoblin (D:1)
  4 jackals (D:1)
  2 kobolds
  3 rats (D:1)
20 creatures vanquished.

Notes
Turn   | Place    | Note
-------+----------+-------------------------------------------
     0 | D:1      | Xavori the Formicid Chaos Knight began the quest for the
                  | Orb.
     0 | D:1      | Reached XP level 1. HP: 18/18 MP: 1/1
   442 | D:1      | XOM: silly message
   724 | D:1      | XOM is BORED!
   724 | D:1      | XOM: silly message
   759 | D:1      | Reached XP level 2. HP: 24/24 MP: 2/2
   807 | D:1      | Reached skill level 1 in Dodging
   855 | D:1      | XOM: potion effect (might)
   860 | D:1      | Reached XP level 3. HP: 29/29 MP: 3/3
  1389 | D:1      | XOM: silly message
  1920 | D:1      | XOM: noise
  2136 | D:1      | XOM: god gift: +2 rapier of venom
  2863 | D:1      | XOM: divination: detect items
  3363 | D:1      | XOM: noise
  4594 | D:1      | XOM is BORED!
  4805 | D:1      | XOM: noise
  6085 | D:1      | XOM is BORED!
  7045 | D:1      | XOM: cloud trail
  7160 | D:1      | XOM: noise
  8178 | D:1      | XOM: silly message
  9372 | D:2      | Found Coysk's Armour Emporium.
  9424 | D:2      | Quit the game

Illustrated notes

Levels and vault maps discovered:
D:1:      dpeg_arrival_court, layout_basic
D:2:      layout_loops_ring, serial_shops, shop, uniq_jessica, uniq_robin

Skill      XL: |  1  2 |
---------------+-------+-----
Dodging        | 1 |  1.2
Fighting       | |  3.7
Axes           | |  3.3
Armour         | |  2.9
Stealth        | |  0.8

Action                     || total
---------------------------++-------
  Melee: Hand axe          ||    49
 Armour: Leather armour    ||    20
  Dodge: Dodged            ||    27
  Block: Buckler           ||     4

Table legend: (Time is in decaauts)
 A = Elapsed time spent in this place.
 B = Non-inter-level travel time spent in this place.
 C = Inter-level travel time spent in this place.
 D = Time resting spent in this place.
 E = Time spent auto-exploring this place.
 F = Levels seen in this place.
 G = Mean time per level.
                   A        B        C        D        E       F      G
               +--------+--------+--------+--------+--------+-----+--------+
         Total |   9432 |   9329 |    103 |   8495 |    692 |   2 | 4716.0 |
       Dungeon |   9432 |   9329 |    103 |   8495 |    692 |   2 | 4716.0 |
               +--------+--------+--------+--------+--------+-----+--------+

Top non-repeatable levels by time:
     D:1: 9363 daAuts
     D:2: 68 daAuts
